| TOP OF THE 1ST |
|
Managua Lagoon Monsters batting - Pitching for Havana Conejitos : RHP Frank Pastore
|
|
Pitching: RHP Frank Pastore
|
|
|
Batting: LHB Gerald Perry
|
0-0: Ground out 6-3 (Groundball, 6, EV 82.5 MPH)
|
|
Batting: LHB Tony Ramirez
|
0-0: Called Strike 0-1: Hit by Pitch
|
|
Batting: RHB Randy Ready
|
0-0: Called Strike 0-1: Ball 1-1: Swinging Strike 1-2: Grounds into double play, 4-6-3 (Groundball, 4, EV 78.1 MPH)
|
| Top of the 1st over - 0 runs, 0 hits, 0 errors, 0 left on base; Managua 0 - Havana 0 |
| BOTTOM OF THE 1ST |
|
Havana Conejitos batting - Pitching for Managua Lagoon Monsters : RHP Bud Anderson
|
|
Pitching: RHP Bud Anderson
|
|
|
Batting: RHB Vern Thomas
|
0-0: Fly out, F8 (Flyball, 8LD, EV 96.9 MPH)
|
|
Batting: RHB Jesus Alfaro
|
0-0: Ground out 5-3 (Groundball, 5, EV 90.0 MPH)
|
|
Batting: RHB Marco Mosquera
|
0-0: Called Strike 0-1: Ball 1-1: Ball 2-1: Ball 3-1: Fly out, F9 (Flyball, 9LS, EV 75.6 MPH)
|
| Bottom of the 1st over - 0 runs, 0 hits, 0 errors, 0 left on base; Managua 0 - Havana 0 |
| TOP OF THE 2ND |
|
Managua Lagoon Monsters batting - Pitching for Havana Conejitos : RHP Frank Pastore
|
|
Batting: SHB Wallace Johnson
|
0-0: Foul Ball, location: 2F 0-1: Fly out, F7 (Flyball, 78M, EV 85.0 MPH)
|
|
Batting: LHB Steven Fortune
|
0-0: Foul Ball, location: 2F 0-1: Hit by Pitch
|
|
Batting: LHB Jerold Johnston
|
0-0: Called Strike 0-1: Ball 1-1: Foul Ball, location: 2F 1-2: Strikes out looking
|
|
Batting: LHB Miguel Negron
|
0-0: Called Strike 0-1: Foul Ball, location: 2F 0-2: Ball 1-2: SINGLE (Line Drive, 8LS, EV 105.0 MPH) Steven Fortune to second
|
|
Batting: RHB Gene Menees
|
0-0: Foul Ball, location: 2F 0-1: SINGLE (Line Drive, 8RS, EV 101.9 MPH) Steven Fortune to third Miguel Negron to second Runner from 3rd tries for Home, SAFE, no throw by CF
|
|
Batting: RHB Randall Bonner
|
0-0: Reached on error, E5 (Groundball, 56, EV 86.9 MPH) Miguel Negron to third Gene Menees to second
|
|
Batting: LHB Gerald Perry
|
0-0: Called Strike 0-1: Ground out 4-3 (Groundball, 4, EV 83.1 MPH)
|
| Top of the 2nd over - 1 run, 2 hits, 1 error, 3 left on base; Managua 1 - Havana 0 |
| BOTTOM OF THE 2ND |
|
Havana Conejitos batting - Pitching for Managua Lagoon Monsters : RHP Bud Anderson
|
|
Batting: LHB Jim Bennett
|
0-0: Fly out, F9 (Flyball, 9S, EV 86.3 MPH)
|
|
Batting: RHB John Malkin
|
0-0: Ball 1-0: Ball 2-0: Ball 3-0: Base on Balls
|
|
Batting: RHB Jim Anderson
|
0-0: Fielders Choice at 2nd, 6-4 (Groundball, 56, EV 96.9 MPH)
|
|
Batting: LHB Fernando Vazquez
|
0-0: Foul Ball, location: 2F 0-1: Foul Ball, location: 2F 0-2: Ball 1-2: Strikes out swinging
|
| Bottom of the 2nd over - 0 runs, 0 hits, 0 errors, 1 left on base; Managua 1 - Havana 0 |
| TOP OF THE 3RD |
|
Managua Lagoon Monsters batting - Pitching for Havana Conejitos : RHP Frank Pastore
|
|
Batting: LHB Tony Ramirez
|
0-0: Fly out, F7 (Flyball, 7D, EV 98.8 MPH)
|
|
Batting: RHB Randy Ready
|
0-0: Ball 1-0: Ground out 6-3 (Groundball, 6, EV 107.5 MPH)
|
|
Batting: SHB Wallace Johnson
|
0-0: Ball 1-0: Called Strike 1-1: Ball 2-1: Ground out U3 (Groundball, 3L, EV 83.8 MPH)
|
| Top of the 3rd over - 0 runs, 0 hits, 0 errors, 0 left on base; Managua 1 - Havana 0 |
| BOTTOM OF THE 3RD |
|
Havana Conejitos batting - Pitching for Managua Lagoon Monsters : RHP Bud Anderson
|
|
Batting: RHB Danny Huffstickler
|
0-0: Ball 1-0: Called Strike 1-1: Swinging Strike 1-2: Foul Ball, location: 2F 1-2: Ball 2-2: Ball 3-2: Base on Balls
|
|
Batting: SHB Julio Estrada
|
0-0: Fly out, F6 (Popup, 6M, EV 71.9 MPH)
|
|
Batting: RHB Vern Thomas
|
0-0: Ball 1-0: Ball 2-0: Called Strike 2-1: Ball 3-1: Base on Balls Danny Huffstickler to second
|
|
Batting: RHB Jesus Alfaro
|
0-0: Ball 1-0: Swinging Strike 1-1: Foul Ball, location: 2F 1-2: Foul Ball, location: 2F 1-2: Fly out, F8 (Line Drive, 8LD, EV 106.3 MPH)
|
|
Batting: RHB Marco Mosquera
|
0-0: Foul Ball, location: 2F 0-1: Called Strike 0-2: Strikes out swinging
|
| Bottom of the 3rd over - 0 runs, 0 hits, 0 errors, 2 left on base; Managua 1 - Havana 0 |
| TOP OF THE 4TH |
|
Managua Lagoon Monsters batting - Pitching for Havana Conejitos : RHP Frank Pastore
|
|
Batting: LHB Steven Fortune
|
0-0: Ball 1-0: Ball 2-0: Ball 3-0: Base on Balls
|
|
Batting: LHB Jerold Johnston
|
0-0: Swinging Strike 0-1: Fly out, F9 (Flyball, 9, EV 76.9 MPH)
|
|
Batting: LHB Miguel Negron
|
0-0: Ball 1-0: Called Strike 1-1: SINGLE (Line Drive, 4D, EV 103.8 MPH) Steven Fortune to second
|
|
Batting: RHB Gene Menees
|
0-0: Ball 1-0: Ball 2-0: Ball 3-0: Called Strike 3-1: Swinging Strike 3-2: Base on Balls Steven Fortune to third Miguel Negron to second
|
|
Batting: RHB Randall Bonner
|
0-0: Called Strike 0-1: Called Strike 0-2: Foul Ball, location: 2F 0-2: Strikes out swinging
|
|
Batting: LHB Gerald Perry
|
0-0: Swinging Strike 0-1: Ball 1-1: Ground out 4-3 (Groundball, 4, EV 103.8 MPH)
|
| Top of the 4th over - 0 runs, 1 hit, 0 errors, 3 left on base; Managua 1 - Havana 0 |
| BOTTOM OF THE 4TH |
|
Havana Conejitos batting - Pitching for Managua Lagoon Monsters : RHP Bud Anderson
|
|
Batting: LHB Jim Bennett
|
0-0: Fly out, F7 (Flyball, 7LDF, EV 91.9 MPH)
|
|
Batting: RHB John Malkin
|
0-0: Ball 1-0: Ball 2-0: Called Strike 2-1: SINGLE (Line Drive, 8RS, EV 106.9 MPH)
|
|
Batting: RHB Jim Anderson
|
0-0: Ball 1-0: Fly out, F9 (Flyball, 9, EV 94.4 MPH)
|
|
Batting: LHB Fernando Vazquez
|
0-0: Ball 1-0: SINGLE (Groundball, 34D, EV 105.6 MPH) John Malkin to second Runner from 2nd tries for 3rd, SAFE, throw by RF made to third
|
|
Batting: RHB Danny Huffstickler
|
0-0: Ball 1-0: Foul Ball, location: 2F 1-1: Foul Ball, location: 2F 1-2: Ball 2-2: Ball 3-2: Foul Ball, location: 2F 3-2: Foul Ball, location: 2F 3-2: Ground out 1-3 (Groundball, 15S, EV 73.1 MPH)
|
| Bottom of the 4th over - 0 runs, 2 hits, 0 errors, 2 left on base; Managua 1 - Havana 0 |
| TOP OF THE 5TH |
|
Managua Lagoon Monsters batting - Pitching for Havana Conejitos : RHP Frank Pastore
|
|
Batting: LHB Tony Ramirez
|
0-0: Called Strike 0-1: Single, Error in OF, E7, batter to second base (Line Drive, 56, EV 102.5 MPH)
|
|
Batting: RHB Randy Ready
|
0-0: Foul Ball, location: 2F 0-1: Fly out, F8 (Flyball, 8LXD, EV 77.5 MPH) Runner from 2nd tags up, SAFE at 3rd, no throw by CF
|
|
Batting: SHB Wallace Johnson
|
0-0: Called Strike 0-1: Foul Ball, location: 2F 0-2: Fly out, F8 (Flyball, 8RXD, EV 101.3 MPH) Runner from 3rd tags up, SCORES, no throw by CF
|
|
Batting: LHB Steven Fortune
|
0-0: Called Strike 0-1: Ball 1-1: Foul Ball, location: 2F 1-2: Ball 2-2: Foul Ball, location: 2F 2-2: Ball 3-2: Foul Ball, location: 2F 3-2: Base on Balls
|
|
Batting: LHB Jerold Johnston
|
0-0: Ball 1-0: Foul Ball, location: 2F 1-1: Ball 2-1: Ball 3-1: Swinging Strike 3-2: Strikes out looking
|
| Top of the 5th over - 1 run, 1 hit, 1 error, 1 left on base; Managua 2 - Havana 0 |
| BOTTOM OF THE 5TH |
|
Havana Conejitos batting - Pitching for Managua Lagoon Monsters : RHP Bud Anderson
|
|
Batting: SHB Julio Estrada
|
0-0: Called Strike 0-1: Ball 1-1: Foul Ball, location: 2F 1-2: Ball 2-2: Strikes out swinging
|
|
Batting: RHB Vern Thomas
|
0-0: Swinging Strike 0-1: Ground out 5-3 (Groundball, 5S, EV 72.5 MPH)
|
|
Batting: RHB Jesus Alfaro
|
0-0: Ball 1-0: Fly out, F4 (Popup, 23, EV 92.5 MPH)
|
| Bottom of the 5th over - 0 runs, 0 hits, 0 errors, 0 left on base; Managua 2 - Havana 0 |
| TOP OF THE 6TH |
|
Managua Lagoon Monsters batting - Pitching for Havana Conejitos : RHP Frank Pastore
|
|
Batting: LHB Miguel Negron
|
0-0: Ball 1-0: Ball 2-0: Swinging Strike 2-1: Foul Ball, location: 2F 2-2: Strikes out looking
|
|
Batting: RHB Gene Menees
|
0-0: Ball 1-0: Foul Ball, location: 2F 1-1: Foul Ball, location: 2F 1-2: Ground out 6-3 (Groundball, 6, EV 106.9 MPH)
|
|
Batting: RHB Randall Bonner
|
0-0: Ball 1-0: Called Strike 1-1: Swinging Strike 1-2: Strikes out swinging
|
| Top of the 6th over - 0 runs, 0 hits, 0 errors, 0 left on base; Managua 2 - Havana 0 |
| BOTTOM OF THE 6TH |
|
Havana Conejitos batting - Pitching for Managua Lagoon Monsters : RHP Bud Anderson
|
|
Batting: RHB Marco Mosquera
|
0-0: Called Strike 0-1: Swinging Strike 0-2: DOUBLE (Line Drive, 9LS, EV 100.0 MPH)
|
|
Batting: LHB Jim Bennett
|
0-0: Called Strike 0-1: Ball 1-1: Called Strike 1-2: Foul Ball, location: 2F 1-2: Fly out, F3 (Popup, 34, EV 79.4 MPH)
|
|
Batting: RHB John Malkin
|
0-0: Ball 1-0: Ball 2-0: Fly out, F9 (Flyball, 9D, EV 100.0 MPH) Runner from 2nd tags up, SAFE at 3rd, no throw by RF
|
|
Batting: RHB Jim Anderson
|
0-0: Ball 1-0: Called Strike 1-1: Ball 2-1: Fly out, F9 (Line Drive, 9, EV 89.4 MPH)
|
| Bottom of the 6th over - 0 runs, 1 hit, 0 errors, 1 left on base; Managua 2 - Havana 0 |
| TOP OF THE 7TH |
|
Managua Lagoon Monsters batting - Pitching for Havana Conejitos : RHP Frank Pastore
|
|
Batting: LHB Gerald Perry
|
0-0: Ball 1-0: Ball 2-0: Ground out 4-3 (Groundball, 34D, EV 106.3 MPH)
|
|
Batting: LHB Tony Ramirez
|
0-0: Swinging Strike 0-1: SINGLE (Line Drive, 8LS, EV 105.6 MPH)
|
|
Batting: RHB Randy Ready
|
0-0: Ball 1-0: Ball 2-0: SINGLE (Groundball, 56D, EV 104.4 MPH) Tony Ramirez to second
|
|
Batting: SHB Wallace Johnson
|
0-0: Grounds into double play, 6-4-3 (Groundball, 6, EV 95.6 MPH)
|
| Top of the 7th over - 0 runs, 2 hits, 0 errors, 1 left on base; Managua 2 - Havana 0 |
| BOTTOM OF THE 7TH |
|
Havana Conejitos batting - Pitching for Managua Lagoon Monsters : RHP Bud Anderson
|
|
Batting: LHB Fernando Vazquez
|
0-0: Swinging Strike 0-1: Fly out, F7 (Flyball, 7D, EV 100.0 MPH)
|
|
Batting: RHB Danny Huffstickler
|
0-0: Called Strike 0-1: Ball 1-1: Foul Ball, location: 2F 1-2: Foul Ball, location: 2F 1-2: Foul Ball, location: 2F 1-2: Ball 2-2: Strikes out swinging
|
|
Batting: SHB Julio Estrada
|
0-0: Called Strike 0-1: Ball 1-1: Ball 2-1: Foul Ball, location: 2F 2-2: Ground out 4-3 (Groundball, 4MS, EV 77.5 MPH)
|
| Bottom of the 7th over - 0 runs, 0 hits, 0 errors, 0 left on base; Managua 2 - Havana 0 |
| TOP OF THE 8TH |
|
Managua Lagoon Monsters batting - Pitching for Havana Conejitos : RHP Frank Pastore
|
|
Batting: LHB Steven Fortune
|
0-0: Ball 1-0: Ball 2-0: Ground out U3 (Groundball, 3, EV 87.5 MPH)
|
|
Batting: LHB Jerold Johnston
|
0-0: Called Strike 0-1: Ball 1-1: Ground out 4-3 (Groundball, 4M, EV 100.6 MPH)
|
|
Batting: LHB Miguel Negron
|
0-0: Foul Ball, location: 2F 0-1: Ground out 4-3 (Groundball, 34D, EV 106.3 MPH)
|
| Top of the 8th over - 0 runs, 0 hits, 0 errors, 0 left on base; Managua 2 - Havana 0 |
| BOTTOM OF THE 8TH |
|
Havana Conejitos batting - Pitching for Managua Lagoon Monsters : RHP Bud Anderson
|
|
Batting: RHB Vern Thomas
|
0-0: Fly out, F8 (Line Drive, 8LM, EV 87.5 MPH)
|
|
Batting: RHB Jesus Alfaro
|
0-0: Ground out 4-3 (Groundball, 4, EV 83.8 MPH)
|
|
Batting: RHB Marco Mosquera
|
0-0: Ball 1-0: Ball 2-0: Called Strike 2-1: Ball 3-1: Foul Ball, location: 2F 3-2: Base on Balls
|
|
Batting: LHB Jim Bennett
|
0-0: Ball 1-0: Ball 2-0: Called Strike 2-1: Ball 3-1: Base on Balls Marco Mosquera to second
|
|
Batting: RHB John Malkin
|
0-0: Ball 1-0: Ball 2-0: Foul Ball, location: 2F 2-1: Foul Ball, location: 2F 2-2: SINGLE (Groundball, 34D, EV 105.0 MPH) Marco Mosquera to third Jim Bennett to second Runner from 3rd tries for Home, SAFE, no throw by RF
|
|
Batting: RHB Jim Anderson
|
0-0: Ball 1-0: Ball 2-0: Ball 3-0: Called Strike 3-1: Base on Balls Jim Bennett to third John Malkin to second
|
|
Batting: LHB Fernando Vazquez
|
0-0: Called Strike 0-1: Ball 1-1: Fly out, F1 (Line Drive, P, EV 67.5 MPH)
|
| Bottom of the 8th over - 1 run, 1 hit, 0 errors, 3 left on base; Managua 2 - Havana 1 |
| TOP OF THE 9TH |
|
Managua Lagoon Monsters batting - Pitching for Havana Conejitos : RHP Frank Pastore
|
|
Batting: RHB Gene Menees
|
0-0: Ball 1-0: DOUBLE (Line Drive, 78D, EV 105.0 MPH)
|
|
Batting: RHB Randall Bonner
|
0-0: Ball 1-0: Ball 2-0: Called Strike 2-1: Foul Ball, location: 2F 2-2: Strikes out swinging
|
|
Batting: LHB Gerald Perry
|
0-0: Intentional Walk
|
|
Batting: LHB Tony Ramirez
|
0-0: Ball 1-0: Ball 2-0: DOUBLE (Flyball, 89XD, EV 98.8 MPH) Gene Menees scores Gerald Perry to third Runner from 3rd tries for Home, SAFE, throw by CF to trailing runner, SAFE at third!
|
|
Batting: RHB Randy Ready
|
0-0: Intentional Walk
|
|
Batting: SHB Wallace Johnson
|
0-0: Fly out, F8 (Flyball, 8LS, EV 80.0 MPH)
|
|
Batting: LHB Steven Fortune
|
0-0: Called Strike 0-1: Ball 1-1: Called Strike 1-2: Ball 2-2: Ball 3-2: Strikes out looking
|
| Top of the 9th over - 2 runs, 2 hits, 0 errors, 2 left on base; Managua 4 - Havana 1 |
| BOTTOM OF THE 9TH |
|
Havana Conejitos batting - Pitching for Managua Lagoon Monsters : RHP Bud Anderson
|
|
Batting: RHB Danny Huffstickler
|
0-0: Called Strike 0-1: Swinging Strike 0-2: Ball 1-2: Ball 2-2: Ball 3-2: Foul Ball, location: 2F 3-2: Base on Balls
|
|
Batting: SHB Julio Estrada
|
0-0: Foul Ball, location: 2F 0-1: Foul Ball, location: 2F 0-2: SINGLE (Line Drive, 6D, EV 97.5 MPH) Danny Huffstickler to second
|
|
Pinch Hitting: SHB Bobby Ball
|
0-0: Called Strike 0-1: Ball 1-1: Swinging Strike 1-2: Strikes out swinging
|
|
Batting: RHB Jesus Alfaro
|
0-0: Called Strike 0-1: Foul Ball, location: 2F 0-2: Ball 1-2: Fly out, F7 (Line Drive, 7, EV 103.8 MPH)
|
|
Batting: RHB Marco Mosquera
|
0-0: Fly out, F3 (Popup, 3SF, EV 68.1 MPH)
|
| Bottom of the 9th over - 0 runs, 1 hit, 0 errors, 2 left on base; Managua 4 - Havana 1 |
|